 Dungeon Crawl Stone Soup version 0.27.0-1-g7a089689b8 (webtiles) character file.

Game seed: 4803394449760352099

120659 wakim the Nimble (level 16, -18/127 HPs)
             Began as a Gnoll Gladiator on Aug 13, 2021.
             Was the Champion of Cheibriados.
             Killed from afar by a blizzard demon (21 damage)
             ... with a bolt of lightning
             ... on level 3 of the Abyss.
             The game lasted 01:44:23 (35861 turns).

wakim the Nimble (Gnoll Gladiator)                 Turns: 35861, Time: 01:44:24

Health: -18/127    AC: 35    Str: 24 (25) XL:     16   Next: 82%
Magic:  24/24      EV: 20    Int: 27 (28) God:    Cheibriados [******]
Gold:   1717       SH:  0    Dex: 29 (30) Spells: 13/37 levels left

rFire    . . .     SeeInvis .   a - +5 demon blade (elec)
rCold    . . .     Faith    .   G - +0 kite shield
rNeg     . . .     Spirit   .   P - +4 plate armour of Grottiness {Harm rPois}
rPois    +         Reflect  +   g - +2 helmet
rElec    .         Harm     +   V - +2 cloak
rCorr    .         Rampage  .   h - +0 pair of gloves
Will     +....     Rnd*Rage +   H - +2 pair of boots {Fly}
Stlth    ..........             i - amulet of reflection
HPRegen  0.31/turn              n - +4 ring of protection
MPRegen  0.19/turn              o - +4 ring of evasion

@: confused, ambrosia-drunk, wereblooded, freezing walls, flying, very slow
A: fangs 1, strong nose, distributed training, berserk 1, [deterioration 2],
[low mp 2], [weak 2]
a: Renounce Religion, Bend Time, Temporal Distortion, Slouch, Step From Time


You were on level 3 of the Abyss.
You worshipped Cheibriados.
Cheibriados was exalted by your worship.
You visited 4 branches of the dungeon, and saw 23 of its levels.
You visited the Abyss 1 time.
You also visited: Ossuary and Gauntlet.

You collected 2996 gold pieces.
You spent 1279 gold pieces at shops.

Inventory:

Hand Weapons
 a - a +5 demon blade of electrocution (weapon)
 b - a +5 fustibalus of freezing
 c - the +11 falchion of Sexuw {drain, rElec rN+ Str-3 Stlth+}
   (You found it on level 4 of the Lair of Beasts)

   A truly terrible weapon, it drains the life of any living foe it strikes.
   Str:       It affects your strength (-3).
   rElec:     It insulates you from electricity.
   rN:        It protects you from negative energy.
   Stlth:     It makes you more stealthy.
 d - the +8 whip "Snakebite" {venom, curare, rPois, =f}
   (You found it on level 5 of the Lair of Beasts)

   It poisons the flesh of those it strikes.
   It occasionally inflicts asphyxiating poison on those it strikes, dealing
   poison damage and causing slowness.
   rPois:     It protects you from poison.
 e - the +9 dagger of Tension {flame, rN+ rCorr Int-2}
   (You found it on level 2 of the Lair of Beasts)

   It burns those it strikes, dealing additional fire damage.
   Int:       It affects your intelligence (-2).
   rN:        It protects you from negative energy.
   rCorr:     It protects you from acid and corrosion.
Missiles
 k - 17 curare-tipped darts {=f}
 s - 5 throwing nets {=f!f}
 L - 69 sling bullets
 N - 27 boomerangs (quivered)
Armour
 g - a +2 helmet (worn)
 h - a +0 pair of gloves (worn)
 G - a +0 kite shield (worn)
 H - a +2 pair of boots of flying (worn)
 P - the +4 plate armour of Grottiness (worn) {Harm rPois}
   (You took it off a minotaur in a Gauntlet)

   rPois:     It protects you from poison.
   Harm:      It increases damage dealt and taken.
 V - a +2 cloak (worn)
Jewellery
 i - an amulet of reflection (around neck)
 m - the ring of Laogule {Fly rPois}
   (You acquired it on level 1 of the Lair of Beasts)

   [ring of poison resistance]

   rPois:     It protects you from poison.
   Fly:       It grants you flight.
 n - a +4 ring of protection (left hand)
 o - a +4 ring of evasion (right hand)
 q - a ring of protection from cold
 C - a ring of see invisible
 M - a ring of protection from cold
Wands
 t - a wand of digging (10)
 u - a wand of mindburst (9)
 v - a wand of flame (62)
 w - a wand of acid (15)
 x - a wand of charming (6)
 y - a wand of paralysis (35)
 I - a wand of iceblast (32)
Scrolls
 j - a scroll of brand weapon
 r - 4 scrolls of identify
 R - 5 scrolls of magic mapping {!r}
 S - a scroll of summoning
 T - 9 scrolls of teleportation
 X - 3 scrolls of fog
 Y - 8 scrolls of blinking {!r}
 Z - a scroll of silence {!r}
Potions
 A - 2 potions of ambrosia
 B - 3 potions of attraction {!q}
 D - 2 potions of brilliance
 E - 2 potions of cancellation
 F - 10 potions of curing
 K - a potion of magic
 O - 2 potions of resistance
Miscellaneous
 z - a box of beasts


   Skills:
 + Level 11.9 Fighting
 + Level 11.1 Short Blades
 + Level 11.1 Long Blades
 + Level 11.1 Axes
 + Level 12.6 Maces & Flails
 + Level 11.1 Polearms
 + Level 11.1 Staves
 + Level 11.1 Slings
 + Level 11.1 Bows
 + Level 11.1 Crossbows
 + Level 11.9 Throwing
 + Level 11.1 Armour
 + Level 12.6 Dodging
 + Level 11.1 Stealth
 + Level 11.1 Shields
 + Level 11.1 Unarmed Combat
 + Level 11.1 Spellcasting
 + Level 9.4 Conjurations
 + Level 9.4 Hexes
 + Level 9.4 Summonings
 + Level 9.4 Necromancy
 + Level 9.4 Translocations
 + Level 9.4 Transmutations
 + Level 9.4 Fire Magic
 + Level 9.4 Ice Magic
 + Level 9.4 Air Magic
 + Level 9.4 Earth Magic
 + Level 9.4 Poison Magic
 + Level 12.0 Invocations
 + Level 11.1 Evocations


You had 13 spell levels left.
You knew the following spells:

 Your Spells              Type           Power      Damage    Failure   Level
a - Frozen Ramparts       Ice            100%       1d12      4%          3
b - Wereblood             Tmut           60%        N/A       1%          2
c - Leda's Liquefaction   Hex/Erth       30%        N/A       14%         4
d - Blink                 Tloc           N/A        N/A       1%          2
e - Manifold Assault      Tloc           60%        N/A       36%         5
f - Cause Fear            Hex            30%        N/A       14%         4
y - Olgreb's Toxic Radia  Pois           60%        N/A       14%         4

Your spell library contained the following spells:

 Spells                   Type           Power      Damage    Failure   Level
 Animate Skeleton         Necr           100%       N/A       1%          1
 Apportation              Tloc           100%       N/A       1%          1
 Beastly Appendage        Tmut           100%       N/A       1%          1
 Corona                   Hex            66%        N/A       1%          1
 Magic Dart               Conj           100%       1d8       1%          1
 Pain                     Necr           100%       1d9       1%          1
 Shock                    Conj/Air       100%       1d9       1%          1
 Summon Small Mammal      Summ           100%       N/A       1%          1
 Call Imp                 Summ           60%        N/A       1%          2
 Call Canine Familiar     Summ           60%        N/A       4%          3
 Inner Flame              Hex/Fire       60%        N/A       4%          3
 Lesser Beckoning         Tloc           30%        N/A       4%          3
 Mephitic Cloud           Conj/Pois/Air  60%        N/A       4%          3
 Portal Projectile        Hex/Tloc       100%       N/A       4%          3
 Spider Form              Tmut/Pois      30%        N/A       4%          3
 Swiftness                Air            60%        N/A       4%          3
 Vampiric Draining        Necr           30%        2d10      4%          3
 Airstrike                Air            30%        N/A       14%         4
 Ice Form                 Ice/Tmut       60%        N/A       14%         4
 Summon Ice Beast         Ice/Summ       60%        N/A       14%         4
 Blade Hands              Tmut           30%        N/A       36%         5
 Excruciating Wounds      Necr           30%        N/A       36%         5
 Ozocubu's Refrigeration  Ice            30%        4d11      100%        7
 Discord                  Hex            30%        N/A       100%        8
 Ignition                 Fire           30%        3d10      100%        8


Dungeon Overview and Level Annotations

Branches:
Dungeon (14/15)            Temple (1/1) D:5            Lair (6/6) D:10
 Shoals (0/4) Lair:4        Snake (0/4) Lair:2        Slime (0/5) Lair:5
    Orc (2/2) D:12            Elf (0/3) Orc:2        Vaults (0/5) D:13
Ossuary (visited)         Gauntlet (visited)

Altars:
Ashenzari
Cheibriados
Dithmenos
Elyvilon
Fedhas
Gozag
Hepliaklqana
Kikubaaqudgha
Makhleb
Nemelex Xobeh
Okawaru
Sif Muna
Trog
Vehumet
Wu Jian
Xom
Yredelemnul
Zin

Shops:
D:7 *   D:12 (   Orc:1 =   Orc:2 !*:[=

Portals:
Pandemonium: Orc:2

Annotations:
D:10 2 runed translucent doors
D:14 Louise


Innate Abilities, Weirdness & Mutations

You have very sharp teeth.
Your uncanny sense of smell can sniff out nearby items.
Your experience applies equally to all skills.
You tend to lose your temper in combat.
[Your body often deteriorates upon taking damage.]
[Your magical capacity is very low. (-20% MP)]
[You are very weak. (Str -4)]


Message History

The blizzard demon resists.
The wall freezes the blizzard demon.
The blizzard demon waves its arms in wide circles.
The air twists around and strikes you!
* * * LOW HITPOINT WARNING * * *
Your body deteriorates!
You feel weakened.
The wall freezes the hellwing.
You block the hellwing's attack. x2
You slice the blizzard demon!!
You bite the blizzard demon, but do no damage.
The blizzard demon is severely wounded.
The blizzard demon resists.
The wall freezes the blizzard demon.
The blizzard demon misses you.
You riposte.
You hit the blizzard demon.
The blizzard demon is severely wounded.
You block the blizzard demon's attack.
The wall freezes the hellwing!
You block the hellwing's attack. x2
The smoke demon gestures at you. Something smites you!
* * * LOW HITPOINT WARNING * * *
Your body deteriorates!
You feel dopey.
You are confused.
You feel invigorated.
The blizzard demon resists.
The wall freezes the blizzard demon.
The blizzard demon completely misses you.
The blizzard demon hits you but does no damage.
The wall freezes the smoke demon.
The smoke demon barely misses you. The smoke demon completely misses you.
The smoke demon hits you but does no damage.
The wall freezes the hellwing.
The hellwing hits you but does no damage.
The hellwing misses you.
Your frozen ramparts will break if you move.
Continue? [Y]es or [N]o only, please.
Your frozen ramparts will break if you move.
Continue?
Okay, then.
The blizzard demon resists.
The wall freezes the blizzard demon.
The blizzard demon gestures at you. The bolt of lightning hits you!
* * * LOW HITPOINT WARNING * * *
Your body deteriorates!
You feel clumsy. The bolt of lightning hits you!!
You die...

. .... ... .... .
..... ....( .#....
...( .
##...###..(## .
#(....#.....#..
....(.†(.........(
(...(.......((.
.....††.42.(.(...
# . #@....#. [ .
###...###3.(## . #
./ # . ..(3# .
....(x( .. . .
......( . .......
.. .. # ....#.. #
# . ...###.


You could see a blizzard demon, a hellwing, 2 smoke demons and a small
abomination.

Vanquished Creatures
  Jorgrun (D:13)
  A tentacled starspawn (Abyss:3)
  Gastronok (Lair:1)
  A cacodemon (Abyss:3)
  A minotaur (Gauntlet)
  Snorg (D:14)
  A fire dragon (Lair:6)
  Erolcha (D:13)
  A boulder beetle (D:14)
  11 hydras
  3 catoblepae
  2 centaur warriors
  2 dancing weapons (D:13)
  A thrashing horror (Gauntlet)
  17 death yaks
  5 orc high priests (Orc:2)
  A sun demon (Orc:2)
  8 skeletal warriors
  3 wretched stars (Abyss:3)
  A shadow wraith (Abyss:3)
  2 sixfirhies
  A swamp dragon (Lair:6)
  A glowing orange brain (Abyss:3)
  An infernal demonspawn (Orc:2)
  A torturous demonspawn (Orc:2)
  5 orc knights
  2 lindwurms (Lair:6)
  An obsidian statue (D:10)
  A deep elf pyromancer (D:13)
  7 ugly things
  An oklob plant (Lair:5)
  7 orc sorcerers
  3 cyclopes
  27 elephants
  13 black mambas
  An apocalypse crab (Abyss:3)
  A rust devil (Orc:2)
  An eye of devastation (Abyss:3)
  A smoke demon (Orc:2)
  2 gargoyles
  3 torpor snails
  15 cane toads
  A kobold demonologist (D:10)
  An unseen horror (D:12)
  6 rime drakes
  2 orange demons (Abyss:3)
  10 komodo dragons
  An efreet (D:12)
  5 trolls
  A red devil (Orc:2)
  7 polar bears
  Prince Ribbit (D:5)
  7 raiju (Abyss:3)
  2 hornets (Gauntlet)
  6 slime creatures
  9 dream sheep
  10 blink frogs (Lair:6)
  A centaur simulacrum (D:14)
  2 shadows
  A wyvern (D:11)
  A ynoxinul (Abyss:3)
  Sigmund (D:6)
  3 wraiths
  43 yaks
  2 large abominations (Abyss:3)
  4 basilisks
  A redback simulacrum (D:13)
  3 steam dragons
  A chaos spawn (Abyss:3)
  A neqoxec (Abyss:3)
  2 wargs (Orc:2)
  Menkaure (D:5)
  5 vampire mosquitoes
  3 acid dragons (Lair:6)
  Duvessa (D:5)
  30 water moccasins
  5 small abominations
  2 swamp drakes (Lair:6)
  2 ice beasts
  2 sky beasts
  6 ogres
  26 orc warriors
  A necrophage (D:7)
  5 boggarts (D:14)
  18 centaurs
  A phantom (D:6)
  30 wolves
  14 kobold brigands
  16 bullfrogs
  3 gnoll sergeants
  A scorpion (D:3)
  Dowan (D:5)
  A wyvern zombie (D:6)
  A wyvern skeleton (D:6)
  6 killer bees
  6 wights
  2 howler monkeys
  4 electric eels
  2 centaur zombies (D:8)
  A crimson imp (D:10)
  4 hounds (D:6)
  A quasit (Abyss:3)
  A human zombie (Ossuary)
  8 starcursed masses (Abyss:3)
  Crazy Yiuf (D:2)
  2 gnoll shamans
  3 jellies
  A centaur skeleton (D:5)
  32 orc priests
  An iron imp (Abyss:3)
  Jessica (D:3)
  Terence (D:3)
  5 iguanas
  Natasha (D:2)
  16 orc wizards
  4 hell rats (Lair:4)
  2 human simulacra (D:11)
  A hound skeleton (D:3)
  Robin (D:2)
  A howler monkey zombie (D:9)
  3 mummies (Ossuary)
  12 gnolls
  A howler monkey skeleton (D:6)
  17 adders
  4 shadow imps
  3 adder zombies (Ossuary)
  An adder skeleton (D:4)
  3 worms
  2 dart slugs
  70 orcs
  13 endoplasms
  A giant cockroach (D:1)
  A gnoll zombie (Ossuary)
  15 goblins
  18 hobgoblins
  6 jackals
  39 kobolds
  4 quokkas
  11 ball pythons
  A ball python zombie (D:3)
  3 bats
  5 frilled lizards
  4 hobgoblin zombies (Ossuary)
  13 kobold skeletons (D:10)
  7 kobold zombies
  5 quokka zombies (Ossuary)
  4 rats
  2 rat zombies (Ossuary)
  A lurking horror (Abyss:3)
  A starspawn tentacle (Abyss:3)
848 creatures vanquished.

Vanquished Creatures (others)
  An ancient zyme (Abyss:3)
  A large abomination (Abyss:3)
  A small abomination (Abyss:3)
  32 fungi
  A lurking horror (Abyss:3)
  145 plants
  A starspawn tentacle (Abyss:3)
  4 toadstools (D:7)
186 creatures vanquished.

Grand Total: 1034 creatures vanquished

Notes
Turn   | Place    | Note
-------+----------+-------------------------------------------
     0 | D:1      | wakim the Gnoll Gladiator began the quest for the Orb.
     0 | D:1      | Reached XP level 1. HP: 20/20 MP: 1/1
   134 | D:1      | Reached XP level 2. HP: 25/26 MP: 2/2
   436 | D:1      | Found a faded altar of an unknown god.
   513 | D:1      | Reached XP level 3. HP: 28/30 MP: 3/3
  1154 | D:2      | Reached skill level 1 in Invocations
  1592 | D:2      | Reached skill level 1 in Short Blades
  1592 | D:2      | Reached skill level 1 in Long Blades
  1592 | D:2      | Reached skill level 1 in Axes
  1592 | D:2      | Reached skill level 1 in Polearms
  1592 | D:2      | Reached skill level 1 in Staves
  1592 | D:2      | Reached skill level 1 in Slings
  1592 | D:2      | Reached skill level 1 in Bows
  1592 | D:2      | Reached skill level 1 in Crossbows
  1592 | D:2      | Reached skill level 1 in Armour
  1592 | D:2      | Reached skill level 1 in Stealth
  1592 | D:2      | Reached skill level 1 in Shields
  1592 | D:2      | Reached skill level 1 in Unarmed Combat
  1592 | D:2      | Reached skill level 1 in Spellcasting
  1592 | D:2      | Reached skill level 1 in Evocations
  1722 | D:2      | Reached XP level 4. HP: 26/38 MP: 5/5
  1957 | D:2      | Noticed Robin
  1966 | D:2      | Killed Robin
  1967 | D:2      | Reached skill level 1 in Conjurations
  1967 | D:2      | Reached skill level 1 in Hexes
  1967 | D:2      | Reached skill level 1 in Summonings
  1967 | D:2      | Reached skill level 1 in Necromancy
  1967 | D:2      | Reached skill level 1 in Translocations
  1967 | D:2      | Reached skill level 1 in Transmutations
  1967 | D:2      | Reached skill level 1 in Fire Magic
  1967 | D:2      | Reached skill level 1 in Ice Magic
  1967 | D:2      | Reached skill level 1 in Air Magic
  1967 | D:2      | Reached skill level 1 in Earth Magic
  1967 | D:2      | Reached skill level 1 in Poison Magic
  2284 | D:2      | Noticed Natasha
  2298 | D:2      | Killed Natasha
  2299 | D:2      | Reached XP level 5. HP: 43/43 MP: 5/7
  2623 | D:2      | Found a runed translucent door.
  2624 | D:2      | Noticed Crazy Yiuf
  2640 | D:2      | Killed Crazy Yiuf
  3373 | D:3      | Noticed Terence
  3401 | D:3      | Learned a level 3 spell: Frozen Ramparts
  3436 | D:3      | Killed Terence
  3605 | D:3      | Reached XP level 6. HP: 50/50 MP: 8/8
  3826 | D:3      | Noticed Jessica
  3840 | D:3      | Killed Jessica
  3874 | D:3      | Noticed an ice beast
  3971 | D:4      | Reached skill level 5 in Fighting
  3971 | D:4      | Reached skill level 5 in Throwing
  4590 | D:4      | Found an iron altar of Okawaru.
  5416 | D:5      | Entered Level 5 of the Dungeon
  5416 | D:5      | Noticed Duvessa
  5457 | D:5      | Reached XP level 7. HP: 44/56 MP: 10/10
  5953 | D:5      | Noticed Menkaure
  5971 | D:5      | Killed Menkaure
  6195 | D:5      | Noticed Prince Ribbit
  6235 | D:5      | Killed Prince Ribbit
  6236 | D:5      | Reached XP level 8. HP: 19/63 MP: 12/12
  6616 | D:5      | Noticed Dowan
  6956 | D:5      | Killed Duvessa
  6992 | D:5      | Killed Dowan
  7165 | D:5      | Found a staircase to the Ecumenical Temple.
  7280 | Temple   | Entered the Ecumenical Temple
  7344 | Temple   | Became a worshipper of Cheibriados the Contemplative
  7415 | D:5      | Found a broken altar of Ashenzari.
  8086 | D:6      | Noticed Sigmund
  8096 | D:6      | Killed Sigmund
  8097 | D:6      | Reached XP level 9. HP: 67/69 MP: 10/14
  8119 | D:6      | Reached * piety under Cheibriados
  9436 | D:6      | Reached ** piety under Cheibriados
  9786 | D:6      | Reached skill level 5 in Invocations
 11002 | D:7      | Reached XP level 10. HP: 72/76 MP: 11/17
 11317 | D:7      | Found Wexotuvo's Serpentskin Sales.
 11351 | D:7      | Bought 7 curare-tipped darts for 63 gold pieces
 11567 | D:7      | Reached skill level 5 in Short Blades
 11567 | D:7      | Reached skill level 5 in Long Blades
 11567 | D:7      | Reached skill level 5 in Axes
 11567 | D:7      | Reached skill level 5 in Polearms
 11567 | D:7      | Reached skill level 5 in Staves
 11567 | D:7      | Reached skill level 5 in Slings
 11567 | D:7      | Reached skill level 5 in Bows
 11567 | D:7      | Reached skill level 5 in Crossbows
 11567 | D:7      | Reached skill level 5 in Armour
 11567 | D:7      | Reached skill level 5 in Stealth
 11567 | D:7      | Reached skill level 5 in Shields
 11567 | D:7      | Reached skill level 5 in Unarmed Combat
 11567 | D:7      | Reached skill level 5 in Spellcasting
 11567 | D:7      | Reached skill level 5 in Evocations
 11683 | D:7      | Found a blossoming altar of Fedhas.
 11906 | D:8      | Reached *** piety under Cheibriados
 11930 | D:8      | Found a white marble altar of Elyvilon.
 11967 | D:8      | Found a sand-covered staircase.
 11976 | Ossuary  | Entered an ossuary
 12961 | D:8      | Learned a level 2 spell: Wereblood
 12970 | D:8      | Reached **** piety under Cheibriados
 14875 | D:9      | Found an ancient bone altar of Kikubaaqudgha.
 15275 | D:10     | Entered Level 10 of the Dungeon
 15275 | D:10     | Found a runed translucent door.
 15287 | D:10     | Found a runed translucent door.
 15292 | D:10     | Found a staircase to the Lair.
 15300 | D:10     | Found a runed translucent door.
 15545 | D:10     | Found an opulent altar of Gozag.
 15677 | D:10     | Found a runed translucent door.
 15917 | D:9      | Reached ***** piety under Cheibriados
 15920 | D:9      | Reached XP level 11. HP: 33/84 MP: 11/19
 16553 | D:10     | Noticed an obsidian statue
 16609 | D:10     | Found a radiant altar of Vehumet.
 16621 | D:10     | Found a burning altar of Makhleb.
 16922 | D:10     | Reached skill level 5 in Conjurations
 16922 | D:10     | Reached skill level 5 in Hexes
 16922 | D:10     | Reached skill level 5 in Summonings
 16922 | D:10     | Reached skill level 5 in Necromancy
 16922 | D:10     | Reached skill level 5 in Translocations
 16922 | D:10     | Reached skill level 5 in Transmutations
 16922 | D:10     | Reached skill level 5 in Fire Magic
 16922 | D:10     | Reached skill level 5 in Ice Magic
 16922 | D:10     | Reached skill level 5 in Air Magic
 16922 | D:10     | Reached skill level 5 in Earth Magic
 16922 | D:10     | Reached skill level 5 in Poison Magic
 16976 | D:10     | Found an ancient bone altar of Kikubaaqudgha.
 17286 | D:10     | Noticed a sixfirhy
 17286 | D:10     | Noticed a sixfirhy
 17599 | Lair:1   | Entered Level 1 of the Lair of Beasts
 18069 | Lair:1   | Reached ****** piety under Cheibriados
 18372 | Lair:1   | Noticed Gastronok
 18418 | Lair:1   | Killed Gastronok
 18419 | Lair:1   | Reached XP level 12. HP: 94/94 MP: 22/22
 18795 | Lair:1   | Identified a scroll of acquirement
 18796 | Lair:1   | Acquired the ring of Laogule {Fly rPois}
 18914 | Lair:2   | Identified the ring "Filakhegg" {rPois Str+4}
 19199 | Lair:2   | Identified the +9 dagger of Tension {flame, rN+ rCorr
                  | Int-2}
 19395 | Lair:2   | Found a staircase to the Snake Pit.
 19423 | Lair:2   | Noticed a four-headed hydra
 19439 | Lair:2   | Killed a four-headed hydra
 19661 | Lair:2   | Noticed a catoblepas
 19678 | Lair:2   | Killed a catoblepas
 19844 | Lair:2   | Noticed an eight-headed hydra
 19852 | Lair:2   | Killed an eight-headed hydra
 19853 | Lair:2   | Reached skill level 10 in Maces & Flails
 19853 | Lair:2   | Reached skill level 10 in Dodging
 20211 | Lair:2   | Noticed an eight-headed hydra
 20218 | Lair:2   | Killed an eight-headed hydra
 20506 | Lair:3   | Noticed an eight-headed hydra
 20517 | Lair:3   | Killed an eight-headed hydra
 20562 | Lair:3   | Noticed a death yak
 20564 | Lair:3   | Reached XP level 13. HP: 91/101 MP: 15/24
 20914 | Lair:3   | You are sucked into a shaft and drop 2 floors!
 22008 | Lair:4   | Found a staircase to the Shoals.
 22367 | Lair:4   | Identified the +11 falchion of Sexuw {drain, rElec rN+
                  | Str-3 Stlth+}
 22468 | Lair:4   | Reached XP level 14. HP: 91/109 MP: 20/26
 22475 | Lair:4   | Reached skill level 10 in Fighting
 22475 | Lair:4   | Reached skill level 10 in Throwing
 24141 | Lair:5   | Found the +8 whip "Snakebite" {venom, curare, rPois}
 24235 | Lair:5   | Found a staircase to the Slime Pits.
 24414 | Lair:6   | Entered Level 6 of the Lair of Beasts
 24569 | Lair:6   | Reached skill level 10 in Invocations
 25424 | Lair:6   | Reached XP level 15. HP: 117/117 MP: 25/28
 25699 | Lair:6   | Found an ornate altar of the Wu Jian Council.
 26589 | Lair:6   | Reached skill level 10 in Short Blades
 26589 | Lair:6   | Reached skill level 10 in Long Blades
 26589 | Lair:6   | Reached skill level 10 in Axes
 26589 | Lair:6   | Reached skill level 10 in Polearms
 26589 | Lair:6   | Reached skill level 10 in Staves
 26589 | Lair:6   | Reached skill level 10 in Slings
 26589 | Lair:6   | Reached skill level 10 in Bows
 26589 | Lair:6   | Reached skill level 10 in Crossbows
 26589 | Lair:6   | Reached skill level 10 in Armour
 26589 | Lair:6   | Reached skill level 10 in Stealth
 26589 | Lair:6   | Reached skill level 10 in Shields
 26589 | Lair:6   | Reached skill level 10 in Unarmed Combat
 26589 | Lair:6   | Reached skill level 10 in Spellcasting
 26589 | Lair:6   | Reached skill level 10 in Evocations
 28541 | D:12     | Found a gate leading to a gauntlet.
 28542 | D:12     | Found Paeblify's Weapon Emporium.
 28571 | D:12     | Found a staircase to the Orcish Mines.
 28616 | Gauntlet | Entered a Gauntlet
 28616 | Gauntlet | Found a transporter.
 28616 | Gauntlet | Found a runed translucent door.
 28616 | Gauntlet | Found a runed translucent door.
 28732 | Gauntlet | Found a transporter.
 28734 | Gauntlet | Found a transporter.
 28745 | Gauntlet | Found a transporter.
 28748 | Gauntlet | Found a transporter.
 28757 | Gauntlet | Found the +3 pair of seven-league boots {Rampage+∞}
 28757 | Gauntlet | Found a transporter.
 28782 | Gauntlet | Found a transporter.
 28790 | Gauntlet | Found a transporter.
 28803 | Gauntlet | Found a transporter.
 28816 | Gauntlet | Found a transporter.
 28836 | Gauntlet | Found a transporter.
 28845 | Gauntlet | Found a transporter.
 28848 | Gauntlet | Found a transporter.
 29028 | Gauntlet | Identified the +4 plate armour of Grottiness {Harm rPois}
 29999 | D:12     | You are sucked into a shaft and drop 1 floor!
 30030 | D:13     | Noticed Jorgrun
 30035 | D:13     | Killed Jorgrun
 30195 | D:13     | Learned a level 4 spell: Leda's Liquefaction
 30353 | D:13     | Found a gate to the Vaults.
 30752 | D:13     | Found a blossoming altar of Fedhas.
 30837 | D:13     | Noticed Erolcha
 30841 | D:13     | Killed Erolcha
 31168 | Orc:1    | Entered Level 1 of the Orcish Mines
 31341 | Orc:1    | Found Titov's Jewellery Emporium.
 31981 | Orc:1    | Reached XP level 16. HP: 125/125 MP: 30/30
 32139 | Orc:2    | Entered Level 2 of the Orcish Mines
 32171 | Orc:2    | Found Zemuomy's Distillery.
 32953 | Orc:2    | Found a staircase to the Elven Halls.
 33063 | Orc:2    | Found Luletwys's General Store.
 33201 | Orc:2    | Bought a potion of ambrosia for 96 gold pieces
 33552 | Orc:2    | Found Cimum's Antique Armour Boutique.
 33552 | Orc:2    | Found a one-way gate leading to the halls of Pandemonium.
 33552 | Orc:2    | Found Reqahen's Book Shop.
 33617 | Orc:2    | Bought the Unrestrained Analects for 704 gold pieces
 33617 | Orc:2    | Bought a book of Spatial Translocations for 416 gold pieces
 33620 | Orc:2    | Learned a level 2 spell: Blink
 33625 | Orc:2    | Learned a level 4 spell: Olgreb's Toxic Radiance
 33631 | Orc:2    | Learned a level 5 spell: Manifold Assault
 33677 | Orc:2    | Found Lufuemee's Jewellery Boutique.
 34159 | D:14     | Noticed Snorg
 34166 | D:14     | Killed Snorg
 34324 | D:14     | Learned a level 4 spell: Cause Fear
 35300 | D:14     | Noticed Louise
 35303 | D:14     | Cast into level 3 of the Abyss (Louise)
 35629 | Abyss:3  | Noticed a tentacled starspawn
 35638 | Abyss:3  | Killed a tentacled starspawn
 35661 | Abyss:3  | Gained mutation: You tend to lose your temper in combat. [a
                  | cacodemon]
 35773 | Abyss:3  | Paralysed by accursed screaming for 1 turns
 35861 | Abyss:3  | HP: 3/127 [blizzard demon/bolt of lightning (15)]
 35861 | Abyss:3  | Killed from afar by a blizzard demon

Illustrated notes

Levels and vault maps discovered:
D:1:      sevenhm_arrival_forest_fort_small_4, layout_basic,
          basic_ecumenical_altar, minmay_liquid_box, nrook_mini_backslash,
          serial_bayou_lagoon_b
D:2:      minmay_angry_zag, layout_basic, minmay_puff, uniq_robin, uniq_natasha,
          uniq_crazy_yiuf_cottage
D:3:      minmay_chambers_of_threes, layout_loops_cross, minmay_divided_ellipse,
          uniq_terence, uniq_jessica
D:4:      layout_loops_cross, okawaru_trees_2
D:5:      layout_basic, mainiacjoe_overflow_six_doors_small,
          minmay_temple_entry_slanted, uniq_menkaure, uniq_prince_ribbit1,
          uniq_duvessa
D:6:      kennysheep_housing_project, layout_loops_ring, uniq_sigmund
D:7:      layout_loops_corners, overflow_temple_1_default,
          minmay_gold_behind_fungi, guppyfry_shop_venom
D:8:      layout_basic, elyvilon_altar_4, nicolae_ossuary_entry_ruins
D:9:      layout_gridville, general_overflow_altar
D:10:     wander_kiku_kobolds, layout_irregular_city,
          grunt_temple_overflow_lords_of_destruction, grunt_gozag_statues,
          lair_entry_dummy, small_statue_intersection,
          minmay_misc_feat_enclosed, chequers_serial_rivers_micro_d,
          hangedman_abyss_or_decor_passed, minivault_4,
          minmay_statue_crystal_thing
D:11:     layout_cave_pools, serial_column_ruins, column_ruins_open_tiny,
          column_ruins_open_medium, column_ruins_grid_1,
          column_ruins_open_small, bh_circular_ruins
D:12:     layout_roguey, orc_david_3, gauntlet_entry_generic
D:13:     layout_cave_pools, erik_vaults_1, fedhas_altar_1, uniq_erolcha,
          uniq_jorgrun
D:14:     layout_stronghold, infiniplex_staircase_pillars_3a, uniq_snorg,
          uniq_louise
Temple:   jpeg_temple_clearing
Lair:1:   layout_hall_layers, beast_lair_carwin_1, infiniplex_staircase_pool_2,
          lemuel_fruit_fields, grunt_megastairs_3, uniq_gastronok
Lair:2:   layout_hall_layers, dummy_snake_entry, serial_bayou_lake_a,
          serial_bayou_shore_b
Lair:3:   layout_gridlike, minmay_shattered_shrine
Lair:4:   layout_cave_shapes, minmay_shoals_entry_centaurs,
          nicolae_quartered_pool_little
Lair:5:   minmay_guarded_unrand_snakebite, layout_gridlike,
          minmay_slime_entry_oklob_open
Lair:6:   guppyfry_lair_end_dragon, layout_long_grid, hangedman_lair_in_review,
          lemuel_centaur_altar
Orc:1:    layout_caves, serial_shops, shop_statue
Orc:2:    pf_orc_diabolical, layout_caves, serial_shops, nicolae_diamond_shop
Abyss:3:  base: D:5, bh_abyss_exit_choice, guppyfry_abyss_exit_imp_island,
          lemuel_firewalk_3

Skill      XL: |  1  2  3  4  5  6  7  8  9 10 11 12 13 14 15 16 |
---------------+-------------------------------------------------+-----
Invocations    | 1 2 3 4 5 6 7 8 9 10 11 12 | 12.0
Short Blades   | 1 2 3 4 5 6 7 8 9 10 11 | 11.1
Long Blades    | 1 2 3 4 5 6 7 8 9 10 11 | 11.1
Axes           | 1 2 3 4 5 6 7 8 9 10 11 | 11.1
Polearms       | 1 2 3 4 5 6 7 8 9 10 11 | 11.1
Staves         | 1 2 3 4 5 6 7 8 9 10 11 | 11.1
Slings         | 1 2 3 4 5 6 7 8 9 10 11 | 11.1
Bows           | 1 2 3 4 5 6 7 8 9 10 11 | 11.1
Crossbows      | 1 2 3 4 5 6 7 8 9 10 11 | 11.1
Armour         | 1 2 3 4 5 6 7 8 9 10 11 | 11.1
Stealth        | 1 2 3 4 5 6 7 8 9 10 11 | 11.1
Shields        | 1 2 3 4 5 6 7 8 9 10 11 | 11.1
Unarmed Combat | 1 2 3 4 5 6 7 8 9 10 11 | 11.1
Spellcasting   | 1 2 3 4 5 6 7 8 9 10 11 | 11.1
Evocations     | 1 2 3 4 5 6 7 8 9 10 11 | 11.1
Conjurations   | 1 2 3 4 5 6 7 8 9 |  9.4
Hexes          | 1 2 3 4 5 6 7 8 9 |  9.4
Summonings     | 1 2 3 4 5 6 7 8 9 |  9.4
Necromancy     | 1 2 3 4 5 6 7 8 9 |  9.4
Translocations | 1 2 3 4 5 6 7 8 9 |  9.4
Transmutations | 1 2 3 4 5 6 7 8 9 |  9.4
Fire Magic     | 1 2 3 4 5 6 7 8 9 |  9.4
Ice Magic      | 1 2 3 4 5 6 7 8 9 |  9.4
Air Magic      | 1 2 3 4 5 6 7 8 9 |  9.4
Earth Magic    | 1 2 3 4 5 6 7 8 9 |  9.4
Poison Magic   | 1 2 3 4 5 6 7 8 9 |  9.4
Fighting       | 5 6 7 8 9 10 11 | 11.9
Throwing       | 5 6 7 8 9 10 11 | 11.9
Maces & Flails | 7 8 9 10 11 12 | 12.6
Dodging        | 7 8 9 10 11 12 | 12.6

Action                   |  1- 3 |  4- 6 |  7- 9 | 10-12 | 13-15 | 16-18 || total
-------------------------+-------+-------+-------+-------+-------+-------++-------
Melee: Flail             |   111 |   198 |   221 |   485 |       |       ||  1015
       Bite              |    15 |    20 |    22 |   120 |   255 |    46 ||   478
       Punch             |       |     3 |       |     2 |     5 |     5 ||    15
       Dagger            |       |       |       |    91 |   252 |       ||   343
       Falchion          |       |       |       |       |   155 |    18 ||   173
       Whip              |       |       |       |       |   537 |   109 ||   646
       Scimitar          |       |       |       |       |     8 |       ||     8
       Demon blade       |       |       |       |       |       |   108 ||   108
 Fire: Shortbow          |       |       |       |    20 |       |       ||    20
       Hand crossbow     |       |       |       |    64 |    71 |       ||   135
       Fustibalus        |       |       |       |       |    70 |    71 ||   141
Throw: Stone             |    18 |    78 |     9 |       |       |       ||   105
       Dart              |       |    27 |    40 |    22 |     4 |       ||    93
       Boomerang         |       |       |       |       |       |    75 ||    75
 Cast: Frozen Ramparts   |       |       |    19 |    43 |    46 |    23 ||   131
       Wereblood         |       |       |       |    17 |    42 |    17 ||    76
       Leda's Liquefacti |       |       |       |       |     1 |     1 ||     2
       Olgreb's Toxic Ra |       |       |       |       |       |     1 ||     1
Invok: Temporal Distorti |       |       |       |       |     2 |       ||     2
Evoke: Wand              |       |       |     2 |       |     7 |       ||     9
  Use: Potion            |       |     1 |     1 |     1 |     1 |     2 ||     6
       Scroll            |       |       |    16 |    10 |     3 |     5 ||    34
 Stab: Distracted        |       |     1 |     1 |       |       |       ||     2
       Sleeping          |       |     3 |     2 |     2 |       |       ||     7
       Paralysed         |       |       |     3 |       |       |       ||     3
Armor: Leather armour    |    22 |    38 |    21 |       |       |       ||    81
       Ring mail         |       |       |    48 |       |       |       ||    48
       Scale mail        |       |       |     1 |   105 |       |       ||   106
       Plate armour      |       |       |       |   108 |   285 |    45 ||   438
Dodge: Dodged            |    59 |   119 |   124 |   359 |   460 |   122 ||  1243
Block: Other             |    11 |    42 |     9 |     6 |    12 |     6 ||    86
       Reflection        |       |     2 |     6 |    11 |    36 |     7 ||    62
       Buckler           |       |       |   122 |   408 |   520 |       ||  1050
       Kite shield       |       |       |       |       |       |   169 ||   169
       Rpst.: Falchion   |       |       |       |       |    24 |       ||    24
       Scimitar          |       |       |       |       |     1 |       ||     1
       Demon blade       |       |       |       |       |       |    11 ||    11
